 Dungeon Crawl Stone Soup version 0.28-a0-245-g639a1a48b9 (webtiles) character file.

Game seed: 1507251909385131218

149 Colgate the Cudgeller (level 5, -10/54 HPs)
             Began as an Ogre Fighter on Aug 25, 2021.
             Mangled by an ogre (11 damage)
             ... on level 3 of the Dungeon.
             The game lasted 00:06:06 (2673 turns).

Colgate the Cudgeller (Ogre Fighter)                Turns: 2673, Time: 00:06:07

Health: -10/54     AC:  4    Str: 27    XL:     5   Next: 31%
Magic:  5/5        EV:  8    Int:  9    God:
Gold:   109        SH:  7    Dex:  8    Spells: 4/4 levels left

rFire   . . .      SeeInvis .   Y - +0 flail
rCold   . . .      Faith    .   c - +0 kite shield
rNeg    . . .      Spirit   .   b - +0 robe
rPois   .          Reflect  .   (helmet restricted)
rElec   .          Harm     .   f - +0 cloak
rCorr   .          Rampage  .   (gloves unavailable)
Will    .....                   (boots unavailable)
Stlth   +.........              (no amulet)
HPRegen 0.18/turn               h - +6 ring of strength
MPRegen 0.09/turn               (no ring)

@: no status effects
A: large, unfitting armour, tough skin 1
a: no special abilities


You were on level 3 of the Dungeon.
You visited 1 branch of the dungeon, and saw 4 of its levels.

You collected 109 gold pieces.


Innate Abilities, Weirdness & Mutations

You are too large for most types of armour.
You have tough skin. (AC +1)


   Skills:
 - Level 4.0 Fighting
 + Level 4.9 Maces & Flails
 - Level 2.6 Dodging
 - Level 2.6 Shields


You had 4 spell levels left.
You didn't know any spells.
Your spell library was empty.

Inventory:

Hand Weapons
 Y - a +0 flail (weapon)
Armour
 b - a +0 robe (worn)
 c - a +0 kite shield (worn)
 f - a +0 cloak (worn)
Jewellery
 h - a +6 ring of strength (left hand)
Scrolls
 e - a scroll of identify
Potions
 d - 2 potions of might
 g - a potion of attraction {unknown}

Dungeon Overview and Level Annotations

Branches:
Dungeon (4/15)
 Temple: D:4-7

Altars:


Message History

The howler monkey is almost dead.
The howler monkey hoots and howls with incredible vigour!
The howler monkey hits you but does no damage.
You closely miss the howler monkey.
The howler monkey is almost dead.
You block the howler monkey's attack. The howler monkey barely misses you.
You closely miss the howler monkey.
The howler monkey is almost dead.
The howler monkey hoots and howls with incredible vigour!
You barely miss the howler monkey.
The howler monkey is almost dead.
You block the howler monkey's attack.
The howler monkey hoots and howls with incredible vigour!
You thump the howler monkey!
You kill the howler monkey!
The ogre barely misses you.
You have reached level 5!
There is a stone staircase leading up here.
2618 ||| STAIRDANCE You climb upwards.
There is a stone staircase leading down here.
Done exploring.
(D) Dungeon
Where to? (* - list waypoints, Enter - D:4, ? - help)
You climb downwards.
The ogre hits you with a +0 giant club! You block the ogre's attack.
There is a stone staircase leading up, spattered with blood here.
2669 ||| STAIRDANCE You climb upwards.
There is a stone staircase leading down here.
You closely miss the ogre.
The ogre hits you with a +0 giant club!!
Ouch! That really hurt!
You hit the ogre.
The ogre is lightly wounded.
You block the ogre's attack. The ogre hits you with a +0 giant club!
You hit the ogre.
The ogre is heavily wounded.
The ogre hits you with a +0 giant club!
You die...

########## #..#.#
########........# #..#.#
#..........####.# ########..#.#
#........:.# #.# #........)#.#
##..........# #.# #.........#.#
##.........(# #.# #.........#)#
#########'### #.# #.....(...#.#
#########.######O###........##.#
................@..%........'..#
.#######.##......###........####
.## #.##......# #.....)..# ..#
#.##......# #........# #.#
#.##......# #........# #.#
#.##......# ########## #.#
#.##......# #.## #.##......#
#..# #.##.....>#


You could see an ogre.

Vanquished Creatures
  A howler monkey (D:4)
  A hound (D:3)
  An adder (D:3)
  An ufetubus (D:4)
  A dart slug (D:4)
  3 orcs (D:3)
  5 ball pythons
  4 bats
  4 endoplasms
  5 giant cockroaches
  8 goblins
  6 hobgoblins
  6 jackals
  2 kobolds (D:1)
  2 quokkas
  5 frilled lizards
  2 rats (D:3)
57 creatures vanquished.

Notes
Turn   | Place    | Note
-------+----------+-------------------------------------------
     0 | D:1      | Colgate the Ogre Fighter began the quest for the Orb.
     0 | D:1      | Reached XP level 1. HP: 24/24 MP: 1/1
     0 | D:1      | 0 ||| counter = 101
   155 | D:1      | Reached XP level 2. HP: 32/32 MP: 2/2
   738 | D:1      | Reached skill level 3 in Maces & Flails
   741 | D:1      | Reached XP level 3. HP: 39/39 MP: 3/3
   793 | D:1      | Found a faded altar of an unknown god.
  1048 | D:1      | 1048 ||| UPGRADING to +0 cloak.
  1053 | D:1      | 1053 ||| DROPPING amulet of magic regeneration.
  1054 | D:1      | 1054 ||| READING 2 scrolls labelled BYCLEPTOOP.
  1055 | D:1      | 1055 ||| DROPPING scroll of immolation.
  1723 | D:2      | 1723 ||| READING scroll labelled QOPRUM ZIOCANG.
  1739 | D:3      | 1739 ||| STAIRDANCE
  1760 | D:3      | 1760 ||| STAIRDANCE
  2074 | D:3      | Reached XP level 4. HP: 48/48 MP: 4/4
  2511 | D:3      | 2511 ||| UPGRADING to +6 ring of strength.
  2512 | D:3      | 2512 ||| READING scroll labelled LOEPLE POAFA.
  2598 | D:4      | Noticed an ogre
  2613 | D:4      | Reached XP level 5. HP: 44/54 MP: 5/5
  2618 | D:4      | 2618 ||| STAIRDANCE
  2669 | D:4      | 2669 ||| STAIRDANCE
  2671 | D:3      | HP: 12/54 [ogre (27)]
  2672 | D:3      | HP: 1/54 [ogre (11)]
  2673 | D:3      | Mangled by an ogre

Levels and vault maps discovered:
D:1:      tarquinn_simple_flora_water_a, layout_basic,
          chequers_ecumenical_altar_twisty
D:2:      layout_basic
D:3:      layout_basic
D:4:      kb_forest_paths, layout_loops_cross

Skill      XL: |  1  2  3  4 |
---------------+-------------+-----
Maces & Flails | 2 3 4 |  4.9
Fighting       | |  4.0
Dodging        | |  2.6
Shields        | |  2.6

Action                   |  1- 3 |  4- 6 || total
-------------------------+-------+-------++-------
Melee: Flail             |   130 |    46 ||   176
  Use: Scroll            |     2 |     1 ||     3
Armor: Robe              |    40 |    15 ||    55
Dodge: Dodged            |    46 |    11 ||    57
Block: Kite shield       |    38 |    14 ||    52

Table legend:
 A = Non-vault XP
 B = Vault XP
 C = Vault XP percentage of total XP
 D = Non-vault monster count
 E = Vault monster count
 F = Vault count percentage of total count
                 A         B        C        D         E       F
            +---------+---------+-------+---------+---------+-------
      Total |     214 |       0 |   0.0 |      57 |       0 |   0.0
            +---------+---------+-------+---------+---------+-------
        D:1 |      47 |       0 |   0.0 |      25 |       0 |   0.0
        D:2 |      20 |       0 |   0.0 |      12 |       0 |   0.0
        D:3 |      83 |       0 |   0.0 |      16 |       0 |   0.0
        D:4 |      64 |       0 |   0.0 |       4 |       0 |   0.0
            +---------+---------+-------+---------+---------+-------
